AoeStats
← Zxead

MegaRandom

505700099Analyzed
2v2 RM · 20d ago on Sep 10, 2026· 38m 40s· 4 players
Game mode
Random Map
Map size
Medium (4 player)
Population
200
Speed
Normal
Resources
Standard
Victory
Conquest
Starting age
Dark Age
Ending age
Imperial Age
RankedLock teamsTeams togetherTeam positionsShared explorationLock speedFull tech treeHidden civsTurbo modeCheats
Victory
Defeat
🇹🇷 Turks · Türkiye
682
+15
🇹🇷 Magyars · Türkiye
680
+15
🇺🇸 Cumans · United States
657
-26
🇸🇻 Koreans · El Salvador
657
-26
xXBrynzuXx
9:46 Feudal Age
10:14 Double-Bit Axe
11:10 Wheelbarrow
29:00 Castle Age
28:01 Horse Collar
34:43 Capped Ram
kemijiXD
6:50 Loom
10:48 Feudal Age
14:07 Double-Bit Axe
27:27 Horse Collar
28:25 Town Watch
ashenone
7:13 Loom
12:50 Feudal Age
15:47 Bloodlines
23:20 Castle Age
22:06 Padded Archer Armor
21:56 Fletching
22:34 Scale Barding Armor
22:39 Double-Bit Axe
24:17 Wheelbarrow
23:40 Horse Collar
30:13 Gold Mining
30:38 Bow Saw
35:34 Bodkin Arrow
35:54 Leather Archer Armor
38:24 Thumb Ring
Zxead
13:23 Feudal Age
11:54 Loom
15:23 Horse Collar
24:01 Castle Age
23:04 Bloodlines
23:36 Town Watch
23:54 Stone Mining
25:12 Scale Barding Armor
25:17 Forging
25:08 Padded Archer Armor
24:58 Fletching
34:52 Bodkin Arrow
35:29 Heavy Plow
38:24 Ballistics
Connection lost

Rejoining the realm…

Still unreachable

The connection could not be restored.

Session expired

The server has moved on; the page needs a fresh start.